 Dungeon Crawl Stone Soup version 0.21.1-1-g345015fe64 (webtiles) character file.

689 Htamos the Cudgeler (level 7, 0/71 HPs)
             Began as a Troll Berserker on July 5, 2018.
             Was a Priest of Trog.
             Slain by a two-headed ogre
             ... wielding a cursed -3 giant club
              (18 damage)
             ... on level 4 of the Dungeon.
             The game lasted 00:12:19 (3879 turns).

Htamos the Cudgeler (Troll Berserker)               Turns: 3879, Time: 00:12:20

Health: 0/71       AC:  8    Str: 28    XL:     7   Next: 36%
Magic:  6/6        EV: 11    Int:  3    God:    Trog [***...]
Gold:   179        SH:  0    Dex:  9    Spells: 6/6 levels left

rFire    . . .     SeeInvis .   q - +2 morningstar
rCold    . . .     Gourm    +   (no shield)
rNeg     . . .     Faith    .   b - +0 animal skin
rPois    .         Spirit   .   (helmet restricted)
rElec    .         Reflect  .   t - +2 cloak
rCorr    .         Harm     .   (gloves unavailable)
MR       .....                  (boots unavailable)
Stlth    +.........             (no amulet)
HPRegen  0.61/turn              (no ring)
MPRegen  0.10/turn              (no ring)

@: no status effects
A: large, unfitting armour, claws 3, fast metabolism 3, gourmand, regeneration
1, shaggy fur 1, tough skin 2
a: Berserk, Trog's Hand, Burn Spellbooks, Renounce Religion


You were on level 4 of the Dungeon.
You worshipped Trog.
Trog was most pleased with you.
You were full.

You visited 1 branch of the dungeon, and saw 5 of its levels.

You collected 179 gold pieces.

Inventory:

Hand Weapons
 a - a +0 mace
 q - a +2 morningstar (weapon)
Armour
 b - a +0 animal skin (worn)
 l - a +0 cloak
 t - a +2 cloak (worn)
Jewellery
 j - an uncursed ring of positive energy
 k - a +6 ring of dexterity {unknown}
 r - a +5 ring of strength {unknown}
Wands
 p - a wand of polymorph (8)
 s - a wand of random effects (33)
Scrolls
 d - 5 scrolls of identify
 e - 9 scrolls of remove curse
 f - a scroll of noise {unknown}
 m - a scroll of fear
 n - a scroll of blinking
 u - a scroll of enchant weapon
Potions
 g - a potion of flight {unknown}
 h - a potion of curing {unknown}
 o - a potion of berserk rage {unknown}
 v - a potion of lignification {unknown}
Comestibles
 c - 12 rations


   Skills:
 + Level 4.3 Fighting
 + Level 6.0 Maces & Flails
 + Level 3.7 Dodging


You had 6 spell levels left.
You didn't know any spells.

Dungeon Overview and Level Annotations

Branches:
Dungeon (5/15)
 Temple: D:4-7

Altars:
Cheibriados
Elyvilon

Annotations:
D:5 1 runed door


Innate Abilities, Weirdness & Mutations

You are too large for most types of armour.
You have claws for hands.
Your metabolism is lightning-fast.
You like to eat raw meat.
Your natural rate of healing is unusually fast.
You are covered in fur. (AC +1)
You have very tough skin. (AC +2)


Message History

You hit the two-headed ogre.
The two-headed ogre is lightly wounded.
The two-headed ogre barely misses you. The two-headed ogre closely misses you.
You closely miss the two-headed ogre.
The two-headed ogre is lightly wounded.
The two-headed ogre hits you with a giant club!!
The two-headed ogre hits you with a giant club!
You bludgeon the two-headed ogre!!
The two-headed ogre is moderately wounded.
The two-headed ogre hits you but does no damage.
The two-headed ogre hits you with a giant club!
You barely miss the two-headed ogre.
The two-headed ogre is moderately wounded.
The two-headed ogre hits you with a giant club!
* * * LOW HITPOINT WARNING * * *
The two-headed ogre closely misses you.
You puncture the two-headed ogre!
The two-headed ogre is severely wounded.
The two-headed ogre hits you with a giant club!!
You die...

.......# ##...#.##..##..........
##.....####.###..##.>##.#########
#..........# #......##.#
##.....##..###....#.##.#
####..#.##.........##.####
#<.##.###.....#.......#
#[...#.#......#.##.####
##.#.................#
#.....####@###..###.##### #######
#O# #..# #...#.## #.#
##.###......## #.####.....^.....#
#........###.#..#. ##########
#######


You could see a two-headed ogre.

Vanquished Creatures
  A scorpion (D:4)
  2 howler monkeys (D:4)
  2 crimson imps (D:5)
  A hound (D:4)
  3 orc priests
  Crazy Yiuf (D:4)
  2 iguanas
  4 orc wizards
  Robin (D:1)
  3 adders
  A shadow imp (D:4)
  An ooze (D:3)
  2 adder skeletons
  A worm (D:3)
  3 dart slugs
  2 leopard geckos
  17 orcs
  3 giant cockroaches
  12 goblins
  11 hobgoblins
  10 jackals
  4 quokkas
  5 bats
  7 frilled lizards
  4 kobolds
  6 rats
109 creatures vanquished.

Notes
Turn   | Place    | Note
-------+----------+-------------------------------------------
     0 | D:1      | Htamos the Troll Berserker began the quest for the Orb.
     0 | D:1      | Reached XP level 1. HP: 22/22 MP: 0/0
   134 | D:1      | Reached XP level 2. HP: 29/29 MP: 1/1
   294 | D:1      | Reached skill level 3 in Maces & Flails
   712 | D:2      | Noticed Robin
   807 | D:1      | Reached XP level 3. HP: 29/36 MP: 2/2
   831 | D:1      | Killed Robin
   838 | D:1      | Reached ** piety under Trog
  1158 | D:2      | Found a snail-covered altar of Cheibriados.
  1308 | D:2      | Reached XP level 4. HP: 45/45 MP: 3/3
  1585 | D:2      | Reached skill level 4 in Maces & Flails
  1682 | D:2      | Reached XP level 5. HP: 28/53 MP: 4/4
  2139 | D:3      | Reached *** piety under Trog
  2423 | D:3      | Reached XP level 6. HP: 41/62 MP: 5/5
  2602 | D:4      | Reached skill level 5 in Maces & Flails
  2978 | D:4      | Reached XP level 7. HP: 65/70 MP: 6/6
  3003 | D:4      | Found a runed door.
  3063 | D:4      | Noticed Crazy Yiuf
  3069 | D:4      | Killed Crazy Yiuf
  3524 | D:5      | Entered Level 5 of the Dungeon
  3548 | D:5      | Found a white marble altar of Elyvilon.
  3548 | D:5      | Found a runed door.
  3548 | D:5      | Noticed an angel
  3582 | D:5      | Reached skill level 6 in Maces & Flails
  3704 | D:5      | Noticed a two-headed ogre
  3879 | D:4      | Slain by a two-headed ogre

Skill      XL: |  1  2  3  4  5  6  7 |
---------------+----------------------+-----
Maces & Flails | 3 4 5 6 |  6.0
Fighting       | 3 4 |  4.3
Dodging        | 3 |  3.7

Action                   |  1- 3 |  4- 6 |  7- 9 || total
-------------------------+-------+-------+-------++-------
Melee: Mace              |   111 |   156 |       ||   267
       Morningstar       |       |    68 |    50 ||   118
Invok: Trog's Hand       |       |     1 |     2 ||     3
       Berserk           |       |     1 |       ||     1
  Use: Scroll            |       |     9 |       ||     9
 Stab: Sleeping          |       |     2 |       ||     2
  Eat: Chunk             |    16 |    19 |     6 ||    41
Armor: Animal skin       |    57 |    79 |    22 ||   158
Dodge: Dodged            |    83 |   155 |    38 ||   276
